 Dungeon Crawl Stone Soup version 0.27-a0-1200-g94dc6ad4cf (webtiles) character file.

Game seed: 1456063726856517235

351 pilgrim the Shooter (level 6, -1/37 HPs)
             Began as a Deep Elf Hunter on May 31, 2021.
             Slain by a black bear (5 damage)
             ... on level 4 of the Dungeon.
             The game lasted 00:11:36 (4678 turns).

pilgrim the Shooter (Deep Elf Hunter)               Turns: 4678, Time: 00:11:36

Health: -1/37      AC:  9    Str: 11    XL:     6   Next: 34%
Magic:  8/8        EV: 11    Int: 16    God:
Gold:   144        SH:  0    Dex: 15    Spells: 5/5 levels left

rFire    . . .     SeeInvis .   b - +2 short sword (speed)
rCold    + . .     Faith    .   (no shield)
rNeg     . . .     Spirit   .   t - +1 ring mail {rC+}
rPois    .         Reflect  .   (no helmet)
rElec    .         Harm     .   (no cloak)
rCorr    .         Rampage  .   l - +2 pair of gloves
Will     .....                  (no boots)
Stlth    ++........             (no amulet)
HPRegen  0.12/turn              (no ring)
MPRegen  0.11/turn              (no ring)

@: no status effects
A: no striking features
a: no special abilities


You were on level 4 of the Dungeon.
You visited 1 branch of the dungeon, and saw 4 of its levels.

You collected 144 gold pieces.

Inventory:

Hand Weapons
 a - a +1 shortbow
 b - a +2 short sword of speed (weapon)
Missiles
 d - 12 arrows
Armour
 l - a +2 pair of gloves (worn)
 t - a +1 ring mail of cold resistance (worn)
Scrolls
 f - a scroll of immolation {unknown}
 i - a scroll of fog {unknown}
 j - a scroll of enchant armour {unknown}
 k - a scroll of noise {unknown}
 m - 2 scrolls of identify {unknown}
 n - a scroll of amnesia {unknown}
 o - a scroll of magic mapping {unknown}
 s - a scroll of teleportation {unknown}
Potions
 c - a potion of mutation {unknown}
 e - a potion of curing {unknown}
 g - 2 potions of degeneration {unknown}
 h - a potion of haste {unknown}
 p - a potion of lignification {unknown}
 q - a potion of heal wounds {unknown}
 r - a potion of brilliance {unknown}
 u - a potion of might {unknown}
 v - a potion of flight {unknown}


   Skills:
 + Level 3.3 Fighting
 + Level 7.2 Bows
 - Level 3.0 Dodging
 + Level 4.7 Stealth


You had 5 spell levels left.
You didn't know any spells.
Your spell library was empty.

Dungeon Overview and Level Annotations

Branches:
Dungeon (4/15)
 Temple: D:4-7

Altars:


Message History

The black bear closely misses you.
Your hands tingle!
b - a +2 short sword of speed (weapon)
The black bear bites you but does no damage.
The black bear claws you but does no damage.
The black bear misses you.
You barely miss the black bear.
The black bear is severely wounded.
The black bear bites you but does no damage.
The black bear misses you.
The black bear claws you but does no damage.
You hit the black bear.
The black bear is severely wounded.
The black bear bites you but does no damage.
The black bear claws you.
The black bear claws you but does no damage.
Your ring mail prevents you from hitting the black bear.
The black bear is severely wounded.
The black bear bites you.
The black bear claws you but does no damage. x2
You barely miss the black bear.
The black bear is severely wounded.
The black bear bites you!
The black bear claws you but does no damage.
The black bear closely misses you.
You are too injured to fight recklessly!
You hit the black bear.
The black bear is severely wounded.
The black bear closely misses you. The black bear claws you. x2
You hit the black bear.
The black bear is almost dead.
The black bear bites you.
The black bear claws you but does no damage.
The black bear barely misses you.
You hit the black bear but do no damage.
The black bear is almost dead.
The black bear bites you!
* * * LOW HITPOINT WARNING * * *
The black bear claws you.
You die...

...)...)###.######.....#
#.# ..######.......#
#.....# #.# ..#
#.##.##.######### #.#
..# #.##.# #.......# #.#
..# #.##.# #.#####.# #.#
..# #.##.#
#.#####.####.# [..
..#... #.##.........#
... #.....
#.##.##.###### #.. ..
#@## #.# ......h...>...#
......######### (((..#
#...# .#.# ... (.


You could see a black bear (berserk).

Vanquished Creatures
  A lemure (D:4)
  A water moccasin skeleton (D:4)
  An iguana (D:3)
  Natasha (thrice) (D:3)
  Robin (D:1)
  3 gnolls (D:2)
  7 adders
  An adder skeleton (D:4)
  A worm (D:2)
  3 dart slugs
  An orc (D:3)
  4 bats
  9 endoplasms
  2 giant cockroaches
  14 goblins
  11 hobgoblins
  2 jackals (D:3)
  5 kobolds
  5 quokkas
  8 ball pythons
  4 frilled lizards (D:1)
  9 rats
96 creatures vanquished.

Notes
Turn   | Place    | Note
-------+----------+-------------------------------------------
     0 | D:1      | pilgrim the Deep Elf Hunter began the quest for the Orb.
     0 | D:1      | Reached XP level 1. HP: 12/12 MP: 3/3
   165 | D:1      | Reached XP level 2. HP: 12/17 MP: 4/4
   873 | D:1      | Reached XP level 3. HP: 21/21 MP: 5/5
  1270 | D:2      | Reached skill level 6 in Bows
  1278 | D:2      | Reached XP level 4. HP: 24/26 MP: 6/6
  1343 | D:2      | Noticed Robin
  1378 | D:2      | HP: 1/27 [Robin/+0 dagger (3)]
  2155 | D:2      | You fall into a shaft and drop 2 floors!
  3400 | D:2      | Reached XP level 5. HP: 31/31 MP: 7/7
  3741 | D:3      | Noticed Natasha
  3747 | D:3      | Killed Natasha
  3945 | D:3      | Noticed Natasha
  3947 | D:3      | Killed Natasha
  4137 | D:3      | Noticed Natasha
  4141 | D:3      | Killed Natasha
  4142 | D:3      | Reached skill level 7 in Bows
  4142 | D:3      | Reached XP level 6. HP: 34/37 MP: 8/8
  4276 | D:1      | Killed Robin
  4678 | D:4      | Slain by a black bear

Illustrated notes

Levels and vault maps discovered:
D:1:      heliophobic_arrival_battle_scene, layout_loops_cross
D:2:      layout_loops_ring, roderic_cross_of_infinity, uniq_robin
D:3:      layout_basic, minmay_bisected, uniq_natasha
D:4:      layout_loops_cross, minmay_vboxes, uniq_pikel

Skill      XL: |  1  2  3  4  5 |
---------------+----------------+-----
Stealth        | 2 3 4 |  4.7
Dodging        | 3 |  3.0
Fighting       | 2 3 |  3.3
Bows           | 6 7 |  7.2

Action                   |  1- 3 |  4- 6 || total
-------------------------+-------+-------++-------
Melee: Short sword       |    35 |   177 ||   212
 Fire: Shortbow          |    76 |   109 ||   185
 Stab: Sleeping          |       |     4 ||     4
Armor: Leather armour    |    10 |    48 ||    58
       Ring mail         |       |    28 ||    28
Dodge: Dodged            |    31 |   124 ||   155

Table legend: (Time is in decaauts)
 A = Elapsed time spent in this place.
 B = Non-inter-level travel time spent in this place.
 C = Inter-level travel time spent in this place.
 D = Time resting spent in this place.
 E = Time spent auto-exploring this place.
 F = Levels seen in this place.
 G = Mean time per level.
                   A        B        C        D        E       F      G
               +--------+--------+--------+--------+--------+-----+--------+
         Total |   4678 |   4416 |    262 |   1281 |   2211 |   4 | 1169.5 |
       Dungeon |   4678 |   4416 |    262 |   1281 |   2211 |   4 | 1169.5 |
               +--------+--------+--------+--------+--------+-----+--------+

Top non-repeatable levels by time:
     D:1: 1972 daAuts
     D:2: 1589 daAuts
     D:3: 786 daAuts
     D:4: 330 daAuts
